 Dungeon Crawl Stone Soup version 0.30-a0-760-g5a9884bb7c (webtiles) character file.

Game seed: 1483134828849081522

43 Leeroy the Slasher (level 3, -2/18 HPs)
             Began as a Vine Stalker Warper on Feb 10, 2023.
             Slain by a worm (6 damage)
             ... on level 2 of the Dungeon.
             The game lasted 00:01:04 (957 turns).

Leeroy the Slasher (Vine Stalker Warper)             Turns: 957, Time: 00:01:04

Health: -2/18      AC:  3    Str: 13    XL:     3   Next: 58%
Magic:  0/7        EV: 11    Int: 13    God:
Gold:   76         SH:  0    Dex: 15    Spells: 6/6 levels left

rFire   . . .      SeeInvis .    a - +0 falchion
rCold   . . .      Faith    .    (no shield)
rNeg    . . .      Spirit   +    b - +0 leather armour
rPois   .          Reflect  .    (no helmet)
rElec   .          Harm     .    (no cloak)
rCorr   .          Rampage  .    (no gloves)
Will    .....                    (no boots)
Stlth   +                        (no amulet)
HPRegen 0.23/turn                (no ring)
MPRegen 0.10/turn                (no ring)

@: no status effects
A: fangs 2, magic shield, antimagic bite, no potion heal 2
a: no special abilities


You were on level 2 of the Dungeon.
You visited 1 branch of the dungeon, and saw 2 of its levels.

You collected 76 gold pieces.

Inventory:

Hand Weapons
 a - a +0 falchion (weapon)
Missiles
 d - 7 boomerangs of dispersal (quivered)
 g - 3 boomerangs
Armour
 b - a +0 leather armour (worn)
 j - an orb of mayhem
Scrolls
 c - a scroll of blinking
 e - a scroll of fear {unknown}
 f - a scroll of identify {unknown}
 h - 3 scrolls of immolation {unknown}
 i - a scroll of teleportation {unknown}
Potions
 k - a potion of attraction {unknown}
 l - a potion of resistance {unknown}


   Skills:
 - Level 1.7 Fighting
 + Level 3.5 Long Blades
 - Level 0.8 Throwing
 - Level 0.7 Armour
 - Level 1.5 Dodging
 - Level 2.1 Spellcasting
 - Level 3.0 Translocations


You had 6 spell levels left.
You didn't know any spells.
Your spell library contained the following spells:

 Spells                   Type           Power      Damage    Failure   Level
 Blink                    Tloc           18%        N/A       14%         2
 Lesser Beckoning         Tloc           18%        N/A       14%         2
 Teleport Other           Tloc           9%         N/A       28%         3
 Sandblast                Erth           2%         2d4       32%         1
 Passwall                 Tmut/Erth      0%         N/A       43%         2
 Vhi's Electric Charge    Tloc/Air       10%        N/A       45%         3
 Stone Arrow              Conj/Erth      2%         3d7       67%         3
 Manifold Assault         Tloc           9%         N/A       67%         4


Dungeon Overview and Level Annotations

Branches:
Dungeon (2/15)

Altars:


Innate Abilities, Weirdness & Mutations

You have extremely sharp teeth.
When hurt, damage is shared between your health and your magic reserves.
Your bite disrupts and absorbs the magic of your enemies.
Potions cannot restore your health.


Message History

You are frozen.
The kobold hits you with a +0 dagger.
You hit the kobold. Your bite misses the kobold.
The kobold is severely wounded.
The endoplasm freezes you.
You are frozen.
The kobold barely misses you.
You are too injured to fight recklessly!
You are too injured to fight recklessly!
You are too injured to fight recklessly!
You are too injured to fight recklessly!
You are too injured to fight recklessly!
You hit the endoplasm.
The endoplasm is almost dead.
The endoplasm completely misses you. The kobold barely misses you.
You barely miss the kobold. You bite the kobold.
You kill the kobold!
The endoplasm barely misses you.
A worm comes into view.
A ball python comes into view.
The ball python hisses angrily.
You hit the endoplasm.
You kill the endoplasm!
A rat comes into view.
A ball python comes into view.
You are too injured to fight recklessly!
The ball python hisses angrily.
There is a large open door here.
A ball python is nearby!
You hit the ball python.
You kill the ball python!
The ball python bites you. The ball python closely misses you.
You see here a ball python corpse.
You slash the ball python!
You kill the ball python!
You hit the worm but do no damage. The worm bites you!
* * * LOW HITPOINT WARNING * * *
You are too injured to fight recklessly!
You are too injured to fight recklessly!
You are too injured to fight recklessly!
You are too injured to fight recklessly!
You are too injured to fight recklessly!
You barely miss the worm. Your bite misses the worm. The worm bites you!
You die...

########.#.#.........#
.........#.###########
..#####....# #.####
####.# #....[
#....##........
#†####......... #
##.###..........
#.#..@##..........
#.....w#.......#..
###....'........#
##.#.'†)).w...#
#.###.......# ..#
#.......... ####
#..........
##......... ##........


You could see a worm.

Vanquished Creatures
  3 ball pythons
  5 endoplasms
  2 giant cockroaches
  6 goblins
  6 hobgoblins (D:1)
  2 jackals (D:1)
  4 bats
  A frilled lizard (D:1)
  3 kobolds
  4 rats (D:1)
36 creatures vanquished.

Notes
Turn   | Place    | Note
-------+----------+-------------------------------------------
     0 | D:1      | Leeroy the Vine Stalker Warper began the quest for the Orb.
     0 | D:1      | Reached XP level 1. HP: 11/11 MP: 4/4
    39 | D:1      | Reached XP level 2. HP: 13/15 MP: 3/6
   347 | D:1      | Found a faded altar of an unknown god.
   371 | D:1      | Reached XP level 3. HP: 18/18 MP: 7/7
   957 | D:2      | Slain by a worm

Illustrated notes

Levels and vault maps discovered:
D:1:      dpeg_arrival_chambers_temple_mockup, layout_loops_cross,
          hellmonk_ecumenical_altar_slurped_away
D:2:      kennysheep_big_flooded_room, layout_loops_ring, chequers_mini_garden

Skill      XL: |  1  2 |
---------------+-------+-----
Long Blades    | 2 3 |  3.5
Fighting       | |  1.7
Throwing       | |  0.8
Armour         | |  0.7
Dodging        | |  1.5
Spellcasting   | |  2.1
Translocations | |  3.0

Action                     || total
---------------------------++-------
  Melee: Falchion          ||    75
         Bite              ||    10
 Armour: Leather armour    ||    21
  Dodge: Dodged            ||    44

Table legend: (Time is in decaauts)
 A = Elapsed time spent in this place.
 B = Non-inter-level travel time spent in this place.
 C = Inter-level travel time spent in this place.
 D = Time resting spent in this place.
 E = Time spent auto-exploring this place.
 F = Levels seen in this place.
 G = Mean time per level.
                   A        B        C        D        E       F      G
               +--------+--------+--------+--------+--------+-----+--------+
         Total |    967 |    933 |     34 |      0 |    736 |   2 |  483.5 |
       Dungeon |    967 |    933 |     34 |      0 |    736 |   2 |  483.5 |
               +--------+--------+--------+--------+--------+-----+--------+

Top non-repeatable levels by time:
     D:1: 782 daAuts
     D:2: 185 daAuts
